AoeStats
← Sir_DiegoX

Arabia

509757402Analyzed
1v1 RM · 3d ago on Sep 27, 2026· 62m 26s· 2 players
Game mode
Random Map
Map size
Tiny (2 player)
Population
200
Speed
Normal
Resources
Standard
Victory
Conquest
Starting age
Dark Age
Ending age
Imperial Age
RankedLock teamsTeams togetherTeam positionsShared explorationLock speedFull tech treeHidden civsTurbo modeCheats
Victory
Defeat
🇦🇷 Varangians · Argentina
735
+17
🇺🇸 Magyars · United States
749
-17
Sir_DiegoX
3:29 Loom
11:43 Feudal Age
12:22 Town Watch
12:25 Double-Bit Axe
12:23 Horse Collar
17:32 Gold Mining
21:23 Scale Barding Armor
21:48 Bloodlines
25:11 Castle Age
23:21 Arson
26:06 Wheelbarrow
26:53 Squires
27:41 Husbandry
28:20 Heavy Plow
29:04 Forging
31:04 Stone Mining
32:09 Chain Barding Armor
33:45 Fervor
36:22 Iron Casting
36:12 Bow Saw
41:22 Imperial Age
41:11 Scale Mail Armor
42:22 Cavalier
42:50 Vendel Legacy
43:55 Hand Cart
45:19 Crop Rotation
46:08 Two-Man Saw
45:49 Conscription
46:58 Plate Barding Armor
47:26 Blast Furnace
47:15 Chain Mail Armor
46:52 Fletching
48:22 Light Cavalry
49:52 Elite Varangian Guard
50:55 Heavy Scorpion
52:31 Hussar
56:01 Plate Mail Armor
59:47 Chemistry
58:44 Murder Holes
58:55 Siege Engineers
58:32 Treadmill Crane
Another Brick In The Wall
6:51 Loom
11:34 Feudal Age
12:46 Double-Bit Axe
16:11 Bloodlines
21:43 Castle Age
19:55 Fletching
22:51 Wheelbarrow
22:20 Crossbowman
23:06 Gold Mining
26:47 Bodkin Arrow
27:32 Horse Collar
32:57 Thumb Ring
33:48 Padded Archer Armor
34:54 Leather Archer Armor
35:19 Ballistics
36:42 Heavy Plow
39:28 Hand Cart
42:44 Bow Saw
46:28 Imperial Age
44:38 Masonry
46:58 Murder Holes
47:32 Bracer
47:27 Arbalester
48:54 Ring Archer Armor
48:00 Pikeman
50:00 Hoardings
50:53 Corvinian Army
53:42 Scale Barding Armor
54:53 Husbandry
58:17 Light Cavalry
59:49 Gold Shaft Mining
Connection lost

Rejoining the realm…

Still unreachable

The connection could not be restored.

Session expired

The server has moved on; the page needs a fresh start.